 Dungeon Crawl Stone Soup version 0.24-a0-582-g4d4af813a0 (webtiles) character file.

Game seed: 12696829807733318328

1120 Eightlegvermin the Transmogrifier (level 8, -1/48 HPs)
             Began as an Octopode Transmuter on Aug 26, 2019.
             Slain by a centaur
             ... wielding a cursed -2 shortbow
              (10 damage)
             ... on level 5 of the Dungeon.
             The game lasted 00:23:42 (6143 turns).

Eightlegvermin the Transmogrifier (OpTm)            Turns: 6143, Time: 00:23:42

Health: -1/48      AC:  2    Str:  7 (9)  XL:     8   Next: 34%
Magic:  6/11       EV: 19    Int: 16 (17) God:
Gold:   210        SH:  0    Dex: 16 (18) Spells: 5/11 levels left

rFire    . . .     SeeInvis .     - Unarmed
rCold    . . .     Gourm    +   (shield currently unavailable)
rNeg     . . .     Faith    .   (helmet currently unavailable)
rPois    x         Spirit   .   l - amulet of the gourmand
rElec    .         Reflect  .   (no ring)
rCorr    .         Harm     .   (no ring)
MR       .....                  (no ring)
Stlth    ++........             (no ring)
HPRegen  0.16/turn              (no ring)
MPRegen  0.12/turn              (no ring)
                                (no ring)
                                (no ring)

@: spider-form (expiring)
A: tiny, almost no armour, stealthy swim, (amphibious), 8 rings, (constrict 8)
a: End Transformation


You were on level 5 of the Dungeon.
You were very full.
You were a venomous arachnid creature.
You visited 1 branch of the dungeon, and saw 5 of its levels.

You collected 210 gold pieces.

Inventory:

Hand Weapons
 d - a +2 hand axe of freezing
 r - a +0 giant club
Missiles
 a - 88 arrows
 k - 16 poisoned darts (quivered)
 m - 3 atropa-tipped darts
 n - 5 curare-tipped darts
Jewellery
 l - an amulet of the gourmand (around neck)
Wands
 w - a wand of scattershot (6)
Scrolls
 b - a scroll of noise {unknown}
 g - 2 scrolls of magic mapping {unknown}
 h - 7 scrolls of identify
 s - a scroll of blinking {unknown}
 t - 2 scrolls of enchant weapon {unknown}
 u - a scroll of amnesia {unknown}
 x - a scroll of fear {unknown}
 y - a scroll of remove curse {unknown}
Potions
 e - 2 potions of brilliance {unknown}
 f - a potion of curing {unknown}
 i - 2 potions of haste {unknown}
 j - 3 potions of degeneration
 o - a potion of might
 p - 2 potions of cancellation {unknown}
 q - 2 potions of agility {unknown}
 v - a potion of invisibility {unknown}
 z - a potion of lignification {unknown}
Comestibles
 c - 14 rations
 A - a chunk of flesh


   Skills:
 - Level 1.0 Fighting
 - Level 2.0 Dodging
 - Level 3.1 Stealth
 - Level 5.1 Unarmed Combat
 - Level 2.2 Spellcasting
 * Level 8.0 Transmutations
 - Level 2.8 Poison Magic


You had 5 spell levels left.
You knew the following spells:

 Your Spells              Type           Power        Failure   Level  Hunger
a - Beastly Appendage     Tmut           ####..       4%          1    #......
b - Sticks to Snakes      Tmut           ####....     5%          2    ###....
c - Spider Form           Tmut/Pois      ###.......   17%         3    ###....

Your spell library contained the following spells:

 Spells                   Type           Power        Failure   Level  Hunger
 Blade Hands              Tmut           ####......   41%         5    ######.
 Ice Form                 Ice/Tmut       ##......     58%         4    #####..


Dungeon Overview and Level Annotations

Branches:
Dungeon (5/15)
 Temple: D:4-7

Altars:
The Shining One


Innate Abilities, Weirdness & Mutations

You cannot wear most types of armour.
You are very stealthy in the water. (Stealth+)
((You are amphibious.))
You can wear up to eight rings at the same time.
((You can use your tentacles to constrict eight enemies at once.))
((Your skin changes colour to match your surroundings (Stealth+).))
((Your rubbery body absorbs attacks. (AC +1, EV +1)))


Message History

The centaur is lightly wounded.
The centaur misses you.
The bullfrog skeleton closely misses you.
You hit the centaur.
The centaur looks as sick as possible!
The centaur is heavily wounded.
Your transformation is almost over.
The centaur hits you with a cursed -2 shortbow.
* * * LOW HITPOINT WARNING * * *
The bullfrog skeleton misses you.
The centaur hits you but does no damage.
The bullfrog skeleton closely misses you.
It was a potion of degeneration.
There was something very wrong with that liquid.
You feel weakened.
You feel dopey.
You feel clumsy. The centaur barely misses you. The bullfrog skeleton hits you.
* * * LOW HITPOINT WARNING * * *
You hit the centaur.
The centaur is heavily wounded.
The centaur hits you with a cursed -2 shortbow!
You die...

..##...#.#..####...........#..##
..#).........##................##
.....##....((...................#
......#...##(.............###...#
.....##..###(...........#.# #####
..#.....###..(.........####
###.....###..).........#
.#.............([รท.....# ###
.##............Zs......####.###
................c).....#<.....##
.#.###....................#....##
#. #...........................
.. #..................#.......#
... #.........)).............[..
.. #.#.....#.....##............
.#.....#.#..(#..##.#....... ...
###.......#.####....


You could see a centaur and a bullfrog skeleton.

Vanquished Creatures
  Grinder (D:3)
  Sigmund (D:5)
  A phantom (D:4)
  2 ogres
  A howler monkey (D:4)
  A crimson imp (D:5)
  An orc priest (D:3)
  A jelly (D:5)
  Crazy Yiuf (D:3)
  2 orc wizards
  A worker ant (D:4)
  Natasha (thrice) (D:2)
  Terence (D:3)
  4 gnolls (D:5)
  2 adders
  2 oozes
  An adder skeleton (D:4)
  5 worms
  A dart slug (D:2)
  3 leopard geckos
  13 orcs
  7 bats
  2 giant cockroaches
  6 goblins
  3 hobgoblins
  3 jackals (D:3)
  3 kobolds
  2 quokkas
  A ball python (D:1)
  5 frilled lizards
  6 rats
86 creatures vanquished.

Vanquished Creatures (collateral kills)
  An ogre (D:2)
1 creature vanquished.

Grand Total: 87 creatures vanquished

Notes
Turn   | Place    | Note
-------+----------+-------------------------------------------
     0 | D:1      | Eightlegvermin the Octopode Transmuter began the quest for
                  | the Orb.
     0 | D:1      | Reached XP level 1. HP: 13/13 MP: 3/3
   170 | D:1      | Reached skill level 1 in Stealth
   170 | D:1      | Reached XP level 2. HP: 18/18 MP: 3/5
  1445 | D:2      | Reached XP level 3. HP: 23/23 MP: 6/6
  1449 | D:2      | Learned a level 2 spell: Sticks to Snakes
  1453 | D:2      | Learned a level 3 spell: Spider Form
  1516 | D:2      | Noticed Natasha
  1526 | D:2      | Killed Natasha
  1615 | D:2      | Noticed an ogre
  1694 | D:2      | Noticed Natasha
  1979 | D:2      | Reached XP level 4. HP: 25/28 MP: 5/7
  2221 | D:2      | Found a glowing golden altar of the Shining One.
  2480 | D:2      | Killed Natasha
  2480 | D:2      | Reached skill level 3 in Transmutations
  2506 | D:2      | Noticed Natasha
  2643 | D:2      | Killed Natasha
  2643 | D:2      | Reached skill level 1 in Poison Magic
  2840 | D:2      | Killed an ogre
  2840 | D:2      | Reached XP level 5. HP: 33/33 MP: 2/8
  3037 | D:3      | Noticed Grinder
  3050 | D:3      | Paralysed by Grinder for 3 turns
  3063 | D:3      | Paralysed by Grinder for 6 turns
  3076 | D:3      | Paralysed by Grinder for 4 turns
  3086 | D:3      | Killed Grinder
  3086 | D:3      | Reached skill level 4 in Transmutations
  3086 | D:3      | Reached XP level 6. HP: 14/38 MP: 1/9
  3223 | D:3      | Noticed Terence
  3975 | D:3      | Found a runed translucent door.
  3976 | D:3      | Noticed Crazy Yiuf
  4128 | D:3      | Killed Terence
  4128 | D:3      | Reached skill level 5 in Transmutations
  4128 | D:3      | Reached XP level 7. HP: 30/43 MP: 7/10
  4565 | D:3      | Paralysed by Crazy Yiuf for 2 turns
  4578 | D:3      | Killed Crazy Yiuf
  5222 | D:4      | Reached skill level 5 in Unarmed Combat
  5393 | D:4      | Reached skill level 6 in Transmutations
  5844 | D:5      | Entered Level 5 of the Dungeon
  5914 | D:5      | Noticed Sigmund
  5956 | D:5      | Killed Sigmund
  5956 | D:5      | Reached skill level 7 in Transmutations
  5956 | D:5      | Reached XP level 8. HP: 48/48 MP: 8/11
  6128 | D:5      | Reached skill level 8 in Transmutations
  6143 | D:5      | Slain by a centaur

Levels and vault maps discovered:
D:1:      dpeg_arrival_simpleton_b, layout_basic, minmay_crystal_water,
          minmay_pentomino_r2
D:2:      layout_loops_corners, lemuel_round_altar, uniq_natasha
D:3:      cheibrodos_pilgrimage, layout_loops_corners, first_ration,
          uniq_grinder, uniq_terence, uniq_crazy_yiuf_cottage
D:4:      layout_basic
D:5:      layout_cave_pools, uniq_blork_the_orc, uniq_sigmund

Skill      XL: |  1  2  3  4  5  6  7  8 |
---------------+-------------------------+-----
Stealth        | 1 2 3 |  3.1
Transmutations | 3 4 5 7 8 |  8.0
Poison Magic   | 1 2 |  2.8
Unarmed Combat | 4 5 |  5.1
Fighting       | |  1.0
Dodging        | |  2.0
Spellcasting   | |  2.2

Action                   |  1- 3 |  4- 6 |  7- 9 || total
-------------------------+-------+-------+-------++-------
Melee: Unarmed           |    54 |    77 |    87 ||   218
       Kick              |    14 |     6 |     8 ||    28
       Constrict         |    11 |     9 |     7 ||    27
       Tentacles         |     5 |     4 |     4 ||    13
       Punch             |       |     2 |       ||     2
Throw: Dart              |       |       |     1 ||     1
 Cast: Beastly Appendage |    16 |     7 |     7 ||    30
       Sticks to Snakes  |     2 |     5 |       ||     7
       Spider Form       |     1 |     9 |    10 ||    20
  Use: Scroll            |       |       |     1 ||     1
       Potion            |       |       |     1 ||     1
 Stab: Sleeping          |     9 |     2 |     5 ||    16
  Eat: Chunk             |     2 |    20 |     8 ||    30
Armor: Skin              |     4 |     6 |     5 ||    15
Dodge: Dodged            |    26 |    45 |    66 ||   137

Table legend:
 A = Non-vault XP
 B = Vault XP
 C = Vault XP percentage of total XP
 D = Non-vault monster count
 E = Vault monster count
 F = Vault count percentage of total count
                 A         B        C        D         E       F
            +---------+---------+-------+---------+---------+-------
      Total |     951 |     649 |  40.6 |      75 |      12 |  13.8
            +---------+---------+-------+---------+---------+-------
        D:1 |      22 |       2 |   8.3 |      14 |       1 |   6.7
        D:2 |     159 |      35 |  18.0 |      16 |       1 |   5.9
        D:3 |      62 |     392 |  86.3 |      21 |       9 |  30.0
        D:4 |     392 |       0 |   0.0 |      12 |       0 |   0.0
        D:5 |     316 |     220 |  41.0 |      12 |       1 |   7.7
            +---------+---------+-------+---------+---------+-------
